 Dungeon Crawl Stone Soup version 0.19-a0-1067-g0b1d89b (webtiles) character file.

1683 DarthKuruptios the Shield-Bearer (level 9, 0/54 HPs)
             Began as a Gargoyle Fighter on Aug 4, 2016.
             Killed from afar by an orc wizard (1 damage)
             ... with a puff of flame
             ... on level 5 of the Dungeon.
             The game lasted 00:16:46 (5425 turns).

DarthKuruptios the Shield-Bearer (Gargoyle Fighter) Turns: 5425, Time: 00:16:49

Health: 0/54       AC: 16    Str: 20      XL:     9   Next: 2%
Magic:  9/9        EV: 10    Int: 10      God:
Gold:   241        SH:  0    Dex:  9 (11) Spells: 1 memorised, 5 levels left

rFire  . . .     SeeInvis .     a - +0 flail
rCold  . . .     Gourm    .     b - +0 scale mail
rNeg   + + .     Faith    .     c - +0 shield
rPois  ∞         Spirit   .     (no helmet)
rElec  +         Dismiss  .     g - +0 cloak (curse)
rCorr  .         Reflect  .     w - +1 pair of gloves
SustAt .         Harm     .     (no boots)
MR     .....                    u - amulet of magic regeneration
Stlth  ..........               (no ring)
                                k - ring of positive energy

@: confused
A: negative energy resistance 1, electricity resistance, unbreathing,
petrification resistance, rot immunity, AC +5
a: no special abilities


You were on level 5 of the Dungeon.
You were not hungry.

You visited 1 branch of the dungeon, and saw 5 of its levels.

You collected 241 gold pieces.

Inventory:

Hand Weapons
 a - a +0 flail (weapon)
Armour
 b - a +0 scale mail (worn)
 c - a +0 shield (worn)
 g - a cursed +0 cloak (worn)
 w - a +1 pair of gloves (worn)
Magical Staves
 n - an uncursed staff of death
Jewellery
 k - a ring of positive energy (left hand)
 u - an amulet of magic regeneration (around neck)
Scrolls
 h - a scroll of blinking
 i - a scroll of recharging
 j - a scroll of amnesia
 o - a scroll of remove curse {unknown}
 t - 2 scrolls of identify
Potions
 e - a potion of brilliance
 m - a potion of might
 q - a potion of curing
 r - 2 potions of mutation {unknown}
 s - 2 potions of heal wounds
 v - 2 potions of magic {unknown}
Books
 d - a book of Maledictions

   Spells                             Type                      Level
   a - Corona                         Hexes                        1
   b - Ensorcelled Hibernation        Hexes/Ice                    2
   c - Confuse                        Hexes                        3
   d - Tukima's Dance                 Hexes                        3
   e - Dazzling Spray                 Conjuration/Hexes            3
Comestibles
 f - 4 bread rations
 p - 2 beef jerkies


   Skills:
 + Level 5.1 Fighting
 + Level 4.4 Maces & Flails
 + Level 5.7 Armour
 + Level 4.7 Dodging
 + Level 1.0 Stealth
 + Level 7.6 Shields
 + Level 0.1 Hexes


You had 5 spell levels left.
You knew the following spells:

 Your Spells              Type           Power        Failure   Level  Hunger
a - Tukima's Dance        Hex            #.......     100%        3    ####...


Dungeon Overview and Level Annotations

Branches:
Dungeon (5/15)
 Temple: D:4-7

Altars:


Innate Abilities, Weirdness & Mutations

You are resistant to torment.
Your stone body is resilient. (AC +5)
You are immune to poison.
You resist negative energy. (rN+)
You are resistant to electric shocks. (rElec)
You can survive without breathing.
You are immune to petrification.
You are immune to rotting.


Message History

The shadow imp closely misses you.
You hear some strange, mumbled words.
You are more confused.
You completely miss something. The shadow imp gestures at you.
Pain shoots through your body!
* * * LOW HITPOINT WARNING * * *
Something hits you but does no damage.
You bump into the rock wall.
The shadow imp shouts, "Slither away, thou peeagling half-faced pumpion!"
The shadow imp closely misses you. Something hits you.
* * * LOW HITPOINT WARNING * * *
You're too confused to move!
The shadow imp gestures at you. Pain shoots through your body!
* * * LOW HITPOINT WARNING * * *
You hear some strange, mumbled words.
A puff of flame appears from out of thin air!
The puff of flame hits you!
You die...

#...........### ##
#........>....###.
#............##.. #
#...........#.... ##
#................ .#
#..............# .##
###.........##..##
..###
###{5o........##..#.
#...##
###..@###......###..#.
##...## ##...###
##.....# #..#.
......#####..###
###...####...
.......##..###
##...###...
.........###
###....... .........##
##...... ..........#
#...#.. ..........#
#..#... ..........#
##......


You could see an orc priest and a shadow imp.

Vanquished Creatures
  Grinder (D:4)
  Sigmund (D:3)
  Eustachio (D:5)
  Menkaure (D:4)
  An ogre (D:5)
  Blork the orc (D:5)
  3 scorpions
  A howler monkey (D:4)
  4 orc priests (D:4)
  4 orc wizards
  2 hounds (D:4)
  Ijyb (D:2)
  Jessica (D:3)
  3 iguanas
  2 worker ants
  Natasha (twice) (D:2)
  Robin (D:3)
  A gnoll (D:1)
  9 adders
  3 worms
  5 giant geckos
  12 orcs
  3 ball pythons
  5 bats
  4 giant cockroaches
  16 goblins
  9 hobgoblins
  8 jackals
  2 kobolds
  A quokka (D:2)
  3 giant newts
  A jackal skeleton (D:4)
  5 rats
117 creatures vanquished.

Notes
Turn   | Place    | Note
-------+----------+-------------------------------------------
     0 | D:1      | DarthKuruptios the Gargoyle Fighter began the quest for the Orb.
     0 | D:1      | Reached XP level 1. HP: 14/14 MP: 1/1
    45 | D:1      | Reached XP level 2. HP: 16/19 MP: 2/2
   439 | D:1      | Reached XP level 3. HP: 23/23 MP: 3/3
   745 | D:2      | Reached skill level 4 in Shields
   876 | D:2      | Reached XP level 4. HP: 27/29 MP: 4/4
   978 | D:2      | Noticed Natasha
   985 | D:2      | Killed Natasha
   985 | D:2      | Reached skill level 1 in Dodging
  1129 | D:2      | Reached XP level 5. HP: 33/33 MP: 5/5
  1189 | D:2      | Noticed Ijyb
  1198 | D:2      | Killed Ijyb
  1297 | D:2      | Noticed Natasha
  1306 | D:2      | Killed Natasha
  1767 | D:3      | Noticed Sigmund
  1768 | D:3      | Noticed Robin
  1791 | D:3      | Killed Robin
  1827 | D:3      | Killed Sigmund
  1827 | D:3      | Reached skill level 5 in Shields
  1827 | D:3      | Reached XP level 6. HP: 5/38 MP: 6/6
  2234 | D:3      | Noticed Jessica
  2238 | D:3      | Killed Jessica
  2975 | D:3      | Reached XP level 7. HP: 44/44 MP: 7/7
  2983 | D:4      | You fall through a shaft!
  2983 | D:5      | Entered Level 5 of the Dungeon
  2995 | D:5      | Noticed Blork the orc
  3008 | D:5      | Killed Blork the orc
  3560 | D:5      | Reached skill level 5 in Armour
  3571 | D:5      | Reached skill level 6 in Shields
  3773 | D:4      | Reached skill level 1 in Stealth
  3791 | D:4      | Noticed Menkaure
  3792 | D:4      | Noticed Grinder
  3797 | D:4      | Killed Menkaure
  3797 | D:4      | Reached XP level 8. HP: 34/48 MP: 8/8
  3797 | D:4      | Paralysed by Grinder for 4 turns
  3810 | D:4      | Killed Grinder
  4009 | D:4      | Learned a level 3 spell: Tukima's Dance
  4438 | D:4      | Reached skill level 7 in Shields
  4454 | D:4      | Reached skill level 5 in Fighting
  5211 | D:5      | Noticed Eustachio
  5257 | D:5      | Killed Eustachio
  5257 | D:5      | Reached XP level 9. HP: 34/54 MP: 9/9
  5425 | D:5      | HP: 1/54 [shadow imp/nerve-wracking pain (5)]
  5425 | D:5      | Killed from afar by an orc wizard

Vault maps used:
D:1:      eino_arrival_water_star
D:2:      uniq_natasha, uniq_iyjb
D:3:      uniq_jessica, uniq_sigmund, uniq_robin
D:4:      uniq_menkaure, uniq_grinder
D:5:      first_bread, kennysheep_another_room, uniq_eustachio,
          uniq_blork_the_orc

Skill      XL: |  1  2  3  4  5  6  7  8 |
---------------+-------------------------+-----
Shields        | 4 5 6 7 |  7.6
Armour         | 4 5 |  5.7
Dodging        | 1 2 3 4 |  4.7
Fighting       | 4 5 |  5.1
Maces & Flails | 3 4 |  4.4
Stealth        | 1 |  1.0
Hexes          | |  0.1

Action                   |  1- 3 |  4- 6 |  7- 9 || total
-------------------------+-------+-------+-------++-------
Melee: Flail             |    83 |   225 |   387 ||   695
  Use: Potion            |       |     6 |     4 ||    10
       Scroll            |       |    10 |     1 ||    11
  Eat: Chunk             |       |     7 |     9 ||    16
Armor: Scale mail        |    55 |   103 |   345 ||   503
       Skin              |       |       |    10 ||    10
Dodge: Dodged            |    30 |    76 |   254 ||   360
Block: Shield            |    58 |   128 |   291 ||   477
